 Dungeon Crawl Stone Soup version 0.29-a0-844-ge8845773e3 (webtiles) character file.

Game seed: 17180313906143851742

12644 Gargoyl the Cleaver (level 11, -2/69 HPs)
             Began as a Gargoyle Berserker on July 15, 2022.
             Was a Believer of Trog.
             Slain by a water moccasin (4 damage)
             ... on level 2 of the Lair of Beasts.
             The game lasted 00:12:22 (9768 turns).

Gargoyl the Cleaver (Gargoyle Berserker)            Turns: 9768, Time: 00:12:23

Health: -2/69      AC: 16    Str: 21    XL:     11   Next: 96%
Magic:  11/11      EV: 13    Int:  8    God:    Trog [**....]
Gold:   519        SH:  7    Dex: 13    Spells: 10/10 levels left

rFire   . . .      SeeInvis .   o - +2 war axe (vorpal)
rCold   . . .      Faith    .   m - +2 buckler
rNeg    + + .      Spirit   .   G - +0 acid dragon scales
rPois   ∞          Reflect  .   e - +0 helmet
rElec   +          Harm     .   (no cloak)
rCorr   +          Rampage  .   (no gloves)
Will    ++...                   (no boots)
Stlth   ++........              (no amulet)
HPRegen 1.21/turn               q - ring of positive energy
MPRegen 0.12/turn               y - ring of flight

@: mighty, strong-willed, flying, regenerating
A: sickness immunity, AC +8, negative energy resistance 1, electricity
resistance, torment resistance 1, petrification resistance
a: Renounce Religion, Berserk, Trog's Hand


You were on level 2 of the Lair of Beasts.
You worshipped Trog.
Trog was pleased with you.
You visited 2 branches of the dungeon, and saw 11 of its levels.

You collected 585 gold pieces.
You spent 66 gold pieces at shops.

Inventory:

Hand Weapons
 a - a +0 hand axe
 o - a +2 vorpal war axe (weapon)
 A - a +1 spear
 F - a +2 flail of protection
Missiles
 g - 22 poisoned darts (quivered)
Armour
 e - a +0 helmet (worn)
 m - a +2 buckler (worn)
 G - +0 acid dragon scales (worn)
Jewellery
 q - a ring of positive energy (left hand)
 x - a ring of magical power
 y - a ring of flight (right hand)
Wands
 v - a wand of flame (29)
 B - a wand of mindburst (2)
 C - a wand of iceblast (14)
Scrolls
 h - 12 scrolls of identify
 u - a scroll of fog
 w - 3 scrolls of teleportation
 D - a scroll of magic mapping
Potions
 c - 4 potions of curing
 d - a potion of berserk rage
 f - a potion of heal wounds {unknown}
 i - 2 potions of cancellation
 j - 3 potions of attraction {unknown}
 k - a potion of might
 l - a potion of haste {unknown}
 n - a potion of brilliance {unknown}
 p - 2 potions of ambrosia {unknown}
 r - a potion of degeneration {unknown}
 s - 7 potions of lignification {unknown}
 t - a potion of mutation {unknown}
 z - 2 potions of flight {unknown}


   Skills:
 + Level 8.6 Fighting
 + Level 12.0(12.1) Axes
 + Level 3.0(8.9) Maces & Flails
 + Level 1.2 Throwing
 + Level 5.0 Armour
 + Level 6.5 Dodging
 + Level 4.2 Stealth
 + Level 6.8 Shields
 + Level 0.2 Evocations


You had 10 spell levels left.
You didn't know any spells.
Your spell library was empty.

Dungeon Overview and Level Annotations

Branches:
Dungeon (9/15)             Temple (0/1) D:6            Lair (2/6) D:8
  Snake (0/4) Lair:2
  Swamp: Lair:2-4    Shoals: Lair:2-4       Orc: D:9-12

Altars:
Ashenzari
Dithmenos
Gozag
Hepliaklqana
Kikubaaqudgha
Qazlal
Ru
Trog
Uskayaw
Xom
Yredelemnul
Zin

Shops:
D:2 *   D:4 *

Annotations:
D:7 1 runed translucent door, LetschGu's ghost, novice TrHu


Innate Abilities, Weirdness & Mutations

You are immune to sickness and miasma.
Your stone body is resilient. (AC +8)
You are immune to poison.
You resist negative energy. (rN+)
You are resistant to electric shocks. (rElec)
You are resistant to unholy torment.
You are immune to petrification.


Message History

Unknown command.
You feel better.
Your resistance to elements expires.
The water moccasin misses you.
The blink frog blinks!
The blink frog misses you. The water moccasin bites you.
* * * LOW HITPOINT WARNING * * *
You barely miss the water moccasin. You barely miss the blink frog.
The blink frog hits you!
* * * LOW HITPOINT WARNING * * *
The blink frog blinks! x2
The water moccasin completely misses you.
Unknown command.
You closely miss the water moccasin.
The blink frog blinks!
The water moccasin bites you but does no damage.
Unknown command.
You barely miss the water moccasin. You block the water moccasin's attack.
The blink frog hits you but does no damage.
You barely miss the blink frog.
The blink frog is heavily wounded.
You closely miss the water moccasin.
You recover from your berserk rage.
You block the water moccasin's attack.
The blink frog hits you but does no damage.
The water moccasin bites you.
* * * LOW HITPOINT WARNING * * *
You closely miss the blink frog.
The blink frog is heavily wounded.
You barely miss the water moccasin. The blink frog hits you.
* * * LOW HITPOINT WARNING * * *
The water moccasin bites you but does no damage.
Unknown command.
It was a potion of cancellation.
You feel magically purged.
The blink frog blinks!
You block the water moccasin's attack.
It was a potion of might.
You feel very mighty all of a sudden.
The water moccasin bites you but does no damage.
The blink frog misses you. The blink frog hits you!
* * * LOW HITPOINT WARNING * * *
The blink frog blinks!
The water moccasin bites you.
You die...

##############
...........F.#
......F@§(.†##
......S§....##
.......(..†..#
.....(....(.##
...#.###.####
.....#....#
..## #.(....
..##..### ...
#h.#


You could see 2 blink frogs and a water moccasin.

Vanquished Creatures
  2 hydras
  Pikel (D:5)
  A cyclops (D:8)
  A moth of wrath (D:4)
  Joseph (D:7)
  2 black mambas (Lair:2)
  Maggie (D:6)
  A cane toad (Lair:1)
  2 komodo dragons (Lair:1)
  2 polar bears
  Grinder (D:3)
  Prince Ribbit (Lair:1)
  5 blink frogs
  4 wyverns
  3 yaks (Lair:2)
  The ghost of Riddle the Shield-Bearer, an amateur GnFi (D:3)
  2 steam dragons (D:8)
  Grum (Lair:1)
  2 acid dragons
  13 water moccasins
  2 ice beasts
  3 sky beasts
  2 black bears
  4 ogres
  11 wolves
  2 phantoms (D:5)
  3 bullfrogs
  2 kobold brigands
  A gnoll sergeant (D:8)
  2 scorpions
  A necrophage (D:5)
  2 electric eels (Lair:1)
  A hound (D:3)
  An orc priest (D:8)
  A jelly (D:5)
  A bullfrog skeleton (D:3)
  Ijyb (D:3)
  Terence (D:2)
  4 iguanas
  7 orc wizards
  4 gnolls (D:5)
  A howler monkey skeleton (D:3)
  6 adders
  A shadow imp (D:4)
  3 white imps
  An ufetubus (D:5)
  5 worms
  A dart slug (D:1)
  22 orcs
  A bat (D:2)
  3 endoplasms
  4 giant cockroaches
  10 hobgoblins
  13 kobolds
  7 quokkas
  5 ball pythons
  2 frilled lizards
  8 goblins
  12 rats
208 creatures vanquished.

Vanquished Creatures (others)
  2 fungi (Lair:2)
  5 plants (Lair:2)
7 creatures vanquished.

Grand Total: 215 creatures vanquished

Notes
Turn   | Place    | Note
-------+----------+-------------------------------------------
     0 | D:1      | Gargoyl the Gargoyle Berserker began the quest for the Orb.
     0 | D:1      | Reached XP level 1. HP: 14/14 MP: 1/1
   595 | D:1      | Reached XP level 2. HP: 13/19 MP: 2/2
   602 | D:1      | Reached skill level 3 in Axes
  1242 | D:2      | Found Utypn's Assorted Antiques.
  1267 | D:2      | Bought a war axe for 66 gold pieces
  1377 | D:2      | Reached XP level 3. HP: 24/24 MP: 3/3
  1384 | D:2      | Noticed Terence
  1396 | D:2      | Killed Terence
  1439 | D:2      | HP: 1/36 [adder (1)]
  1444 | D:2      | Reached XP level 4. HP: 2/29 MP: 4/4
  1950 | D:2      | Reached ** piety under Trog
  2727 | D:3      | Reached XP level 5. HP: 30/33 MP: 5/5
  2830 | D:3      | Noticed Ijyb
  2839 | D:3      | Killed Ijyb
  2840 | D:3      | Reached skill level 4 in Axes
  2907 | D:3      | Reached skill level 1 in Shields
  3161 | D:3      | Noticed Grinder
  3174 | D:3      | Killed Grinder
  3175 | D:3      | Reached skill level 5 in Axes
  3175 | D:3      | Reached skill level 1 in Stealth
  3175 | D:3      | Reached XP level 6. HP: 39/39 MP: 6/6
  3385 | D:3      | Found a stormy altar of Qazlal.
  3420 | D:3      | Found a runed translucent gate.
  3420 | D:3      | Found a runed translucent gate.
  3421 | D:3      | Found a runed translucent gate.
  3423 | D:3      | Noticed Riddle's ghost (amateur GnFi)
  3445 | D:3      | Killed Riddle's ghost
  3446 | D:3      | Reached XP level 7. HP: 44/44 MP: 7/7
  3616 | D:4      | Found Gozag's Platinum Reserve.
  3629 | D:4      | Found an opulent altar of Gozag.
  3742 | D:4      | Reached skill level 6 in Axes
  3959 | D:4      | Noticed a moth of wrath
  3961 | D:4      | Found a bloodstained altar of Trog.
  4037 | D:4      | Killed a moth of wrath
  4038 | D:4      | Reached skill level 5 in Fighting
  4038 | D:4      | Reached XP level 8. HP: 49/49 MP: 8/8
  4112 | D:4      | Reached skill level 7 in Axes
  4375 | D:5      | Entered Level 5 of the Dungeon
  4693 | D:5      | Noticed Pikel
  4720 | D:5      | Killed Pikel
  4721 | D:5      | Reached skill level 8 in Axes
  4721 | D:5      | Reached XP level 9. HP: 35/55 MP: 9/9
  4933 | D:5      | Found a hide-covered altar of Uskayaw.
  5268 | D:6      | Found a staircase to the Ecumenical Temple.
  5381 | D:6      | Noticed Maggie
  5400 | D:6      | Killed Maggie
  5401 | D:6      | Reached skill level 9 in Axes
  5605 | D:6      | Found a hazy altar of Hepliaklqana.
  5795 | D:6      | Found a glowing silver altar of Zin.
  5890 | D:6      | Found a basalt altar of Yredelemnul.
  5893 | D:6      | Found a shimmering altar of Xom.
  5897 | D:6      | Found a broken altar of Ashenzari.
  5897 | D:6      | Found a shadowy altar of Dithmenos.
  5898 | D:6      | Found an ancient bone altar of Kikubaaqudgha.
  5900 | D:6      | Found a sacrificial altar of Ru.
  6080 | D:7      | Noticed Joseph
  6089 | D:7      | Killed Joseph
  6090 | D:7      | Reached skill level 1 in Throwing
  6151 | D:7      | Found a runed translucent door.
  6151 | D:7      | Noticed LetschGu's ghost (novice TrHu)
  6284 | D:7      | Reached XP level 10. HP: 53/61 MP: 10/10
  6906 | D:8      | Reached skill level 10 in Axes
  6963 | D:8      | Reached skill level 5 in Shields
  7262 | D:8      | Found a staircase to the Lair.
  7419 | D:8      | Noticed a four-headed hydra
  7696 | D:7      | Killed a four-headed hydra
  7814 | D:8      | Reached skill level 5 in Dodging
  7844 | D:8      | Noticed a cyclops
  7853 | D:8      | Killed a cyclops
  7989 | Lair:1   | Entered Level 1 of the Lair of Beasts
  8004 | Lair:1   | Reached skill level 1 in Maces & Flails
  8008 | Lair:1   | Reached XP level 11. HP: 67/67 MP: 11/11
  8073 | Lair:1   | Noticed Prince Ribbit
  8089 | Lair:1   | Killed Prince Ribbit
  8090 | Lair:1   | Reached skill level 11 in Axes
  8312 | Lair:1   | Noticed a four-headed hydra
  8350 | Lair:1   | Killed a four-headed hydra
  8716 | Lair:1   | Noticed Grum
  8737 | Lair:1   | Killed Grum
  9619 | Lair:2   | Found a staircase to the Snake Pit.
  9671 | Lair:2   | Noticed a seven-headed hydra
  9740 | Lair:2   | Reached skill level 12 in Axes
  9740 | Lair:2   | Reached skill level 5 in Armour
  9768 | Lair:2   | HP: 2/69 [blink frog (11)]
  9768 | Lair:2   | Slain by a water moccasin

Illustrated notes

Levels and vault maps discovered:
D:1:      minmay_arrival_open_corners, layout_basic,
          shapermc_ecumenical_altar_petra, minmay_tetromino_l4
D:2:      cheibrodos_greedy_goblins, layout_rooms, serial_shops, shop,
          uniq_terence
D:3:      layout_loops_ring, lemuel_coloured_pillars_altar,
          gammafunk_ghost_necromancy, roderic_lattice_a, uniq_grinder, uniq_ijyb
D:4:      layout_loops_cross, tgw_trog, nicolae_gozag_zags_fifth_avenue,
          chequers_serial_rivers_small_3
D:5:      layout_basic, mainiacjoe_overflow_tiny_flanked, uniq_pikel
D:6:      layout_rooms, minitemple, mainiacjoe_overflow_six_doors_small,
          mainiacjoe_overflow_surrounded_room, minmay_temple_entry_ruins,
          uniq_maggie
D:7:      layout_loops_ring, gammafunk_ghost_grave, uniq_joseph
D:8:      cheibrodos_barr_body, layout_gridville
D:9:      layout_gridville, uniq_maurice
Lair:1:   layout_cave_pods, minmay_holes, nicolae_quartered_pool_super,
          guppyfry_lair_drakes, uniq_prince_ribbit2, uniq_grum
Lair:2:   layout_roguey, minmay_snake_entry_six_corridors, beast_lair_carwin_8

Skill      XL: |  1  2  3  4  5  6  7  8  9 10 11 |
---------------+----------------------------------+-----
Axes           | 3 5 6 8 9 10 12 | 12.0
Dodging        | 2 3 4 5 6 |  6.5
Fighting       | 4 5 6 7 8 |  8.6
Shields        | 1 2 3 4 5 6 |  6.8
Stealth        | 1 2 3 4 |  4.2
Armour         | 3 4 5 |  5.0
Throwing       | 1 |  1.2
Maces & Flails | 1 3 |  3.0
Evocations     | |  0.2

Action                   |  1- 3 |  4- 6 |  7- 9 | 10-12 || total
-------------------------+-------+-------+-------+-------++-------
Melee: Hand axe          |   102 |    56 |       |       ||   158
       War axe           |       |    58 |   207 |   264 ||   529
       Flail             |       |       |       |    38 ||    38
Throw: Dart              |       |       |     5 |    10 ||    15
Invok: Berserk           |     3 |     5 |    10 |    10 ||    28
       Trog's Hand       |       |     3 |     9 |    13 ||    25
Evoke: Wand              |       |       |     1 |       ||     1
  Use: Scroll            |     5 |     2 |     4 |     3 ||    14
       Potion            |     1 |     1 |       |     7 ||     9
 Stab: Sleeping          |       |       |       |     4 ||     4
Armor: Animal skin       |    32 |    15 |       |       ||    47
       Leather armour    |       |    16 |    59 |       ||    75
       Steam dragon scal |       |       |    11 |    54 ||    65
       Acid dragon scale |       |       |       |   141 ||   141
Dodge: Dodged            |    80 |    51 |   100 |   233 ||   464
Block: Buckler           |     8 |    27 |    52 |   162 ||   249

Table legend: (Time is in decaauts)
 A = Elapsed time spent in this place.
 B = Non-inter-level travel time spent in this place.
 C = Inter-level travel time spent in this place.
 D = Time resting spent in this place.
 E = Time spent auto-exploring this place.
 F = Levels seen in this place.
 G = Mean time per level.
                   A        B        C        D        E       F      G
               +--------+--------+--------+--------+--------+-----+--------+
         Total |  10099 |   9707 |    392 |    478 |   7070 |  11 |  918.1 |
       Dungeon |   8266 |   7902 |    364 |    203 |   5924 |   9 |  918.4 |
          Lair |   1833 |   1805 |     28 |    275 |   1146 |   2 |  916.5 |
               +--------+--------+--------+--------+--------+-----+--------+

Top non-repeatable levels by time:
  Lair:1: 1639 daAuts
     D:1: 1263 daAuts
     D:3: 1192 daAuts
     D:2: 1192 daAuts
     D:7: 1029 daAuts
     D:5: 940 daAuts
     D:8: 910 daAuts
     D:4: 879 daAuts
     D:6: 858 daAuts
  Lair:2: 194 daAuts
     D:9: 1 daAuts
